 Dungeon Crawl Stone Soup version 0.17-a0-146-gd505748 (webtiles) character file.

241 Ngotmuk the Shield-Bearer (level 5, -1/50 HPs)
             Began as a Deep Dwarf Fighter on Mar 25, 2015.
             Slain by an iguana (10 damage)
             ... on level 4 of the Dungeon.
             The game lasted 00:05:00 (1970 turns).

Ngotmuk the Shield-Bearer (Deep Dwarf Fighter)      Turns: 1970, Time: 00:05:01

Health: -1/50      AC:  8    Str: 21    XL:     5   Next: 80%
Magic:  14/14      EV:  7    Int:  8    God:
Gold:   95         SH: 10    Dex: 12    Spells: 0 memorised, 4 levels left

rFire  . . .     SeeInvis .     a - +0 flail
rCold  . . .     Clarity  .     b - +0 scale mail
rNeg   . . .     SustAb   .     c - +0 shield
rPois  .         Gourm    .     p - +0 helmet
rElec  .         Spirit   .     (no cloak)
rCorr  .         Warding  .     (no gloves)
rMut   .         Stasis   .     (no boots)
MR     .....                    (no amulet)
Stlth  ..........               (no ring)
                                g - ring of magical power

@: non-regenerating, not resistant to hostile enchantments, extremely unstealthy
A: damage resistance, recharge devices, sense surroundings 1, slow healing 3
a: Device Recharging


You were on level 4 of the Dungeon.
You were not hungry.

You visited 1 branch of the dungeon, and saw 4 of its levels.

You collected 95 gold pieces.

Inventory:

Hand weapons
 a - a +0 flail (weapon)
Armour
 b - a +0 scale mail (worn)
 c - a +0 shield (worn)
 p - a +0 helmet (worn)
Jewellery
 g - a ring of magical power (left hand)
 r - an uncursed ring of positive energy {unknown}
Magical devices
 d - a wand of heal wounds (0)
Scrolls
 j - a scroll of magic mapping {unknown}
 k - 4 scrolls of identify {unknown}
 n - 3 scrolls of enchant armour {unknown}
 o - 2 scrolls of blinking {unknown}
 s - a scroll of enchant weapon {unknown}
 t - a scroll of amnesia {unknown}
 v - a scroll of remove curse {unknown}
 y - a scroll of teleportation {unknown}
Potions
 e - 2 potions of might
 h - 3 potions of heal wounds {unknown}
 l - a potion of resistance {unknown}
 m - a potion of cure mutation {unknown}
 q - a potion of restore abilities {unknown}
 u - a potion of magic {unknown}
 x - a potion of ambrosia {unknown}
 z - a potion of flight {unknown}
Comestibles
 f - 4 bread rations
 i - a meat ration
 w - a slice of pizza


   Skills:
 + Level 3.7 Fighting
 + Level 3.7 Maces & Flails
 + Level 4.3 Armour
 + Level 4.6 Shields


You had 4 spell levels left.
You didn't know any spells.

Dungeon Overview and Level Annotations

Branches:
Dungeon (4/15)
 Temple: D:4-7

Altars:
Ashenzari
Dithmenos
Gozag
Xom
Yredelemnul


Innate Abilities, Weirdness & Mutations

You are resistant to damage.
You can recharge devices by infusing magical energy.
You passively map a small area around you.
You do not heal naturally.


Message History

You hit the iguana!
The iguana is heavily wounded.
The iguana bites you!
You hit the iguana.
The iguana is severely wounded.
You block the iguana's attack.
You closely miss the iguana.
The iguana is severely wounded.
The iguana bites you but does no damage.
You hit the iguana.
The iguana is almost dead.
The iguana bites you. The iguana bites you!
* * * LOW HITPOINT WARNING * * *
You hit the iguana but do no damage.
The iguana is almost dead.
The iguana bites you.
You closely miss the iguana.
The iguana is almost dead.
The iguana bites you!
You die...

,,, , ### * , **
##.### *
#.####....# *
#...<.....# * ,
#........#####...
#.###...........#
** #
##..@......## ,
#..l......# ,
*##..###...# #.##
...# , ,..., ..#
, , ... , * ... ,
* .... ., , ,


You could see an iguana.

Vanquished Creatures
  An orc priest (D:3)
  An orc wizard (D:3)
  Ijyb (D:2)
  Terence (D:3)
  Robin (D:2)
  3 adders
  4 gnolls (D:3)
  A giant mite (D:3)
  A worm (D:2)
  3 giant geckos
  3 orcs (D:3)
  6 hobgoblins
  5 kobolds
  5 bats
  3 giant cockroaches (D:1)
  A giant newt (D:1)
  17 goblins
  2 quokkas
  9 rats
68 creatures vanquished.

Notes
Turn   | Place    | Note
--------------------------------------------------------------
     0 | D:1      | Ngotmuk, the Deep Dwarf Fighter, began the quest for the Orb.
     0 | D:1      | Reached XP level 1. HP: 20/20 MP: 1/1
   275 | D:1      | Reached XP level 2. HP: 24/27 MP: 2/2
   401 | D:1      | Found a shattered altar of Ashenzari.
   913 | D:2      | Noticed Robin
   925 | D:2      | Reached XP level 3. HP: 25/34 MP: 3/3
   932 | D:2      | Killed Robin
  1149 | D:2      | Reached XP level 4. HP: 25/42 MP: 4/4
  1154 | D:2      | Found a shimmering altar of Xom.
  1170 | D:2      | Noticed Ijyb
  1188 | D:2      | Killed Ijyb
  1188 | D:2      | Reached skill level 4 in Armour
  1556 | D:3      | Noticed Terence
  1575 | D:3      | Killed Terence
  1647 | D:3      | Found an opulent altar of Gozag.
  1647 | D:3      | Found a basalt altar of Yredelemnul.
  1647 | D:3      | Found a shadowy altar of Dithmenos.
  1686 | D:3      | Reached XP level 5. HP: 30/49 MP: 5/5
  1698 | D:3      | HP: 2/49 [orc priest (2)]
  1903 | D:3      | HP: 2/50 [gnoll/club (1)]
  1970 | D:4      | Slain by an iguana

Action                   |  1- 3 |  4- 6 || total
-------------------------+-------+-------++-------
Melee: Flail             |   135 |   104 ||   239
Evoke: Wand              |     1 |     4 ||     5
  Eat: Meat ration       |       |     1 ||     1
